 Dungeon Crawl Stone Soup version 0.30-a0-373-gd37427bb62 (webtiles) character file.

Game seed: 442447083414638947

788 NinjaNoafa the Cleaver (level 7, 0/57 HPs)
             Began as a Minotaur Fighter on Nov 23, 2022.
             Slain by Duvessa
             ... wielding a +0 rapier
              (7 damage)
             ... on level 6 of the Dungeon.
             The game lasted 00:09:55 (3822 turns).

NinjaNoafa the Cleaver (Minotaur Fighter)           Turns: 3822, Time: 00:09:56

Health: 0/57       AC: 11    Str: 31    XL:     7   Next: 56%
Magic:  15/15      EV:  8    Int:  3    God:
Gold:   165        SH:  4    Dex:  7    Spells: 6/6 levels left

rFire   . . .      SeeInvis .    a - +0 war axe
rCold   . . .      Faith    .    c - +0 buckler
rNeg    + . .      Spirit   .    y - +0 chain mail
rPois   .          Reflect  .    (helmet restricted)
rElec   .          Harm     .    G - +0 cloak
rCorr   .          Rampage  .    w - +0 pair of gloves
Will    .....                    (no boots)
Stlth   ..........               (no amulet)
HPRegen 0.29/turn                u - ring of the Omega Point {rN+ MP+9}
MPRegen 0.14/turn                (no ring)

@: invisible
A: horns 2, retaliatory headbutt, strong 2
a: no special abilities


You were on level 6 of the Dungeon.
You visited 1 branch of the dungeon, and saw 6 of its levels.
You also visited: Sewer.

You collected 165 gold pieces.

Inventory:

Hand Weapons
 a - a +0 war axe (weapon)
Missiles
 b - 5 atropa-tipped darts
 e - 5 javelins (quivered)
 h - 20 stones
 E - 6 poisoned darts
 H - 2 boomerangs
Armour
 c - a +0 buckler (worn)
 w - a +0 pair of gloves (worn)
 y - a +0 chain mail (worn)
 G - a +0 cloak (worn)
Jewellery
 u - the ring of the Omega Point (left hand) {rN+ MP+9}
   (You found it on level 3 of the Dungeon)

   [ring of magical power]

   rN:        It protects you from negative energy.
   MP:        It affects your magic capacity (+9).
Wands
 s - a wand of paralysis (7)
Scrolls
 f - 9 scrolls of identify {unknown}
 k - a scroll of blinking {unknown}
 m - 4 scrolls of silence {unknown}
 n - a scroll of noise {unknown}
 p - a scroll of vulnerability {unknown}
 q - 3 scrolls of teleportation {unknown}
 v - a scroll of poison {unknown}
 x - a scroll of acquirement {unknown}
 A - 2 scrolls of brand weapon {unknown}
 B - a scroll of enchant armour {unknown}
 D - a scroll of magic mapping {unknown}
 F - a scroll of fear {unknown}
 J - a scroll of enchant weapon {unknown}
Potions
 d - a potion of might
 g - a potion of berserk rage {unknown}
 i - a potion of curing {unknown}
 j - 2 potions of invisibility
 l - 2 potions of mutation
 o - a potion of flight {unknown}
 r - a potion of ambrosia {unknown}
 t - 3 potions of heal wounds {unknown}
 z - a potion of magic {unknown}
 C - a potion of brilliance {unknown}
 I - a potion of attraction {unknown}


   Skills:
 - Level 3.6 Fighting
 + Level 10.4 Axes
 - Level 3.6 Armour
 - Level 3.6 Shields


You had 6 spell levels left.
You didn't know any spells.
Your spell library contained the following spells:

 Spells                   Type           Power      Damage    Failure   Level
 Apportation              Tloc           0%         N/A       98%         1
 Freeze                   Ice            0%         1d3       98%         1
 Necrotise                Necr           0%         1d4       98%         1
 Summon Small Mammal      Summ           0%         N/A       98%         1
 Frozen Ramparts          Ice            0%         1d1       100%        3
 Hailstorm                Conj/Ice       0%         3d3       100%        3
 Stone Arrow              Conj/Erth      0%         3d7       100%        3
 Animate Armour           Summ/Erth      0%         N/A       100%        4
 Olgreb's Toxic Radiance  Pois           0%         N/A       100%        4
 Ozocubu's Refrigeration  Ice            0%         4d7       100%        7
 Ignition                 Fire           0%         3d3       100%        8
 Lehudib's Crystal Spear  Conj/Erth      0%         10d2      100%        8


Dungeon Overview and Level Annotations

Branches:
Dungeon (6/15)              Sewer (visited)
 Temple: D:4-7

Altars:
Sif Muna

Shops:
D:3 =

Annotations:
D:6 Dowan, Duvessa


Innate Abilities, Weirdness & Mutations

You have a pair of horns on your head.
You reflexively headbutt those who attack you in melee.
Your muscles are very strong. (Str +8, Int/Dex -2)


Message History

Duvessa is heavily wounded.
You block Duvessa's attack.
Throw: 6 javelins
Press: ? - help, Q - select action, (/) - cycle Shift-Dir - straight line, f/p - Duvessa
Aim: Duvessa, wielding a +0 rapier and wearing a +0 leather armour (heavily wounded, fast, 58% to hit)
You throw a javelin. The javelin closely misses Duvessa.
The javelin closely misses Dowan.
Duvessa barely misses you. Duvessa hits you with a +0 rapier.
Dowan smirks and points a slender finger.
Duvessa hits you with a +0 rapier!
Aiming: Paralyse
Press: ? - help, Shift-Dir - straight line, f/p - Duvessa
Aim: Duvessa, wielding a +0 rapier and wearing a +0 leather armour (heavily wounded, fast, chance to affect: 31%) Duvessa easily resists.
Duvessa hits you with a +0 rapier.
Aiming: Paralyse
Press: ? - help, Shift-Dir - straight line, f/p - Duvessa
Aim: Duvessa, wielding a +0 rapier and wearing a +0 leather armour (heavily wounded, fast, chance to affect: 31%) Duvessa easily resists.
Duvessa hits you but does no damage. Duvessa hits you with a +0 rapier!
* * * LOW HITPOINT WARNING * * *
Aiming: Paralyse
Press: ? - help, Shift-Dir - straight line, f/p - Duvessa
Aim: Duvessa, wielding a +0 rapier and wearing a +0 leather armour (heavily wounded, fast, chance to affect: 31%) Duvessa easily resists.
Duvessa hits you with a +0 rapier.
* * * LOW HITPOINT WARNING * * *
Aiming: Paralyse
Press: ? - help, Shift-Dir - straight line, f/p - Duvessa
Aim: Duvessa, wielding a +0 rapier and wearing a +0 leather armour (heavily wounded, fast, chance to affect: 31%) Duvessa easily resists.
Duvessa hits you with a +0 rapier.
* * * LOW HITPOINT WARNING * * *
Duvessa closely misses you. You furiously retaliate!
You headbutt Duvessa!
Okay, then.
It was a potion of mutation.
You feel extremely strange.
You feel stronger. x2
You block Duvessa's attack.
Okay, then.
It was a potion of invisibility.
You fade into invisibility!
Duvessa hits you with a +0 rapier!
You die...

....<##).........#
....###..)######.#
....+......)...#.#
....###.#......#.#
##### #.#.##.###.#
#.#.##..##.#
#.#.###....# #.#.#
#....# #.# #..e@#
#. ##+#e# #. #.#
..† ##..# #>..
###.. #. (.


You could see Duvessa (fast, unable to see you) and Dowan (unable to see you).

Vanquished Creatures
  Pargi (Sewer)
  An ogre (D:5)
  Blork the orc (D:4)
  A necrophage (D:6)
  2 scorpions (D:4)
  A jelly (D:5)
  A hound (D:5)
  Crazy Yiuf (D:4)
  An iguana (D:4)
  Ijyb (D:3)
  4 orc wizards
  2 adders
  An ufetubus (D:4)
  2 worms
  3 dart slugs
  13 orcs
  12 ball pythons
  7 endoplasms
  2 giant cockroaches (D:1)
  10 goblins
  A hobgoblin (D:2)
  3 jackals
  4 kobolds
  3 quokkas
  3 bats
  7 frilled lizards
  2 rats (D:3)
90 creatures vanquished.

Vanquished Creatures (others)
  A fungus (D:4)
1 creature vanquished.

Grand Total: 91 creatures vanquished

Notes
Turn   | Place    | Note
-------+----------+-------------------------------------------
     0 | D:1      | NinjaNoafa the Minotaur Fighter began the quest for the
                  | Orb.
     0 | D:1      | Reached XP level 1. HP: 19/19 MP: 0/0
    68 | D:1      | Reached skill level 3 in Axes
   135 | D:1      | Reached XP level 2. HP: 21/26 MP: 1/1
   351 | D:1      | Reached skill level 4 in Axes
   902 | D:2      | Reached XP level 3. HP: 30/31 MP: 2/2
  1403 | D:2      | Found a faded altar of an unknown god.
  1506 | D:3      | Noticed Ijyb
  1514 | D:3      | Paralysed by Ijyb for 5 turns
  1522 | D:3      | Killed Ijyb
  1523 | D:3      | Reached skill level 5 in Axes
  1948 | D:3      | Reached XP level 4. HP: 38/39 MP: 3/3
  1961 | D:3      | Identified the ring of the Omega Point {rN+ MP+9}
  2079 | D:3      | Found Ibro's One-of-a-Kind Rings.
  2317 | D:4      | Found a shimmering blue altar of Sif Muna.
  2342 | D:4      | Noticed a scorpion
  2348 | D:4      | Killed a scorpion
  2349 | D:4      | Reached skill level 6 in Axes
  2349 | D:4      | Reached XP level 5. HP: 28/45 MP: 4/4
  2475 | D:4      | Reached skill level 7 in Axes
  2567 | D:4      | Noticed Blork the orc
  2573 | D:4      | Killed Blork the orc
  2574 | D:4      | Reached XP level 6. HP: 33/51 MP: 5/5
  2700 | D:4      | Found a glowing drain.
  2709 | Sewer    | Entered a sewer
  2714 | Sewer    | Reached skill level 8 in Axes
  2732 | Sewer    | Noticed Pargi
  2756 | Sewer    | Killed Pargi
  3264 | D:4      | Found a runed translucent door.
  3265 | D:4      | Noticed Crazy Yiuf
  3273 | D:4      | Killed Crazy Yiuf
  3327 | D:5      | Entered Level 5 of the Dungeon
  3357 | D:5      | Reached skill level 9 in Axes
  3423 | D:5      | Reached XP level 7. HP: 44/57 MP: 6/6
  3740 | D:5      | Reached skill level 10 in Axes
  3745 | D:5      | Noticed a hornet
  3808 | D:6      | Noticed Duvessa
  3810 | D:6      | Noticed Dowan
  3821 | D:6      | Gained mutation: Your muscles are strong. (Str +4, Int/Dex
                  | -1) [potion of mutation]
  3821 | D:6      | Gained mutation: Your muscles are very strong. (Str +8,
                  | Int/Dex -2) [potion of mutation]
  3822 | D:6      | Slain by Duvessa

Illustrated notes

Levels and vault maps discovered:
D:1:      shiori_arrival_elements, layout_basic
D:2:      layout_loops_ring, ebering_ecumenical_altar_webs
D:3:      layout_loops_ring, minivault_26, nicolae_shop_unique_rings,
          small_statue_intersection, kennysheep_potato, uniq_ijyb
D:4:      layout_cave_pools, lemuel_tele_altar, cheibrodos_sewer_entry_bend,
          uniq_blork_the_orc, uniq_crazy_yiuf_cottage
D:5:      layout_basic
D:6:      layout_basic, minmay_temple_entry_grid, uniq_duvessa

Skill      XL: |  1  2  3  4  5  6  7 |
---------------+----------------------+-----
Axes           | 3 4 5 6 7 9 10 | 10.4
Fighting       | |  3.6
Armour         | |  3.6
Shields        | |  3.6

Action                   |  1- 3 |  4- 6 |  7- 9 || total
-------------------------+-------+-------+-------++-------
Melee: War axe           |    63 |   104 |    32 ||   199
       Headbutt          |    10 |    16 |     4 ||    30
Throw: Javelin           |     5 |    25 |     8 ||    38
       Stone             |       |    11 |       ||    11
Evoke: Wand              |       |       |     4 ||     4
  Use: Potion            |       |       |     2 ||     2
Armor: Scale mail        |    16 |    18 |       ||    34
       Chain mail        |       |    64 |    12 ||    76
Dodge: Dodged            |    30 |    54 |    12 ||    96
Block: Buckler           |    18 |    32 |     5 ||    55

Table legend: (Time is in decaauts)
 A = Elapsed time spent in this place.
 B = Non-inter-level travel time spent in this place.
 C = Inter-level travel time spent in this place.
 D = Time resting spent in this place.
 E = Time spent auto-exploring this place.
 F = Levels seen in this place.
 G = Mean time per level.
                   A        B        C        D        E       F      G
               +--------+--------+--------+--------+--------+-----+--------+
         Total |   3918 |   3806 |    112 |      0 |   2888 |   7 |  559.7 |
       Dungeon |   3689 |   3577 |    112 |      0 |   2745 |   6 |  614.8 |
         Sewer |    228 |    228 |      0 |      0 |    143 |   1 |  228.0 |
               +--------+--------+--------+--------+--------+-----+--------+

Top non-repeatable levels by time:
     D:1: 864 daAuts
     D:3: 857 daAuts
     D:4: 813 daAuts
     D:2: 648 daAuts
     D:5: 442 daAuts
   Sewer: 228 daAuts
     D:6: 63 daAuts
